 Dungeon Sprint DCSS version 0.27-a0-1219-g958d993ae5 (webtiles) character file.

Game seed: 6065959170035957437

25 mhtbhm the Shield-Bearer (level 3, 0/31 HPs)
             Began as a Formicid Fighter on June 6, 2021.
             Slain by an ogre
             ... wielding a +0 giant club
              (15 damage)
             ... in the Dungeon (Sprint I: "Red Sonja").
             The game lasted 00:00:18 (36 turns).

mhtbhm the Shield-Bearer (Formicid Fighter)           Turns: 36, Time: 00:00:19

Health: 0/31       AC: 11    Str: 21    XL:     3   Next: 17%
Magic:  3/3        EV:  6    Int:  7    God:
Gold:   0          SH: 10    Dex: 10    Spells: 2/2 levels left

rFire    + . .     SeeInvis +   a - +0 long sword
rCold    . . .     Faith    .   c - +0 kite shield
rNeg     . . .     Spirit   .   b - +2 chain mail {rF+}
rPois    .         Reflect  .   (helmet unavailable)
rElec    .         Harm     .   (no cloak)
rCorr    .         Rampage  .   (no gloves)
Will     .....                  (no boots)
Stlth    ..........             (no amulet)
HPRegen  0.10/turn              (no ring)
MPRegen  0.08/turn              (no ring)

@: mighty
A: permanent stasis, dig shafts and tunnels, antennae 3, four strong arms
a: Dig


You were in the Dungeon.
You visited 1 branch

Inventory:

Hand Weapons
 a - a +0 long sword (weapon)
Armour
 b - a +2 chain mail of fire resistance (worn)
 c - a +0 kite shield (worn)
Potions
 g - 2 potions of magic


   Skills:
 + Level 4.5 Fighting
 + Level 3.2 Long Blades
 + Level 4.7 Armour
 + Level 5.0 Shields


You had 2 spell levels left.
You didn't know any spells.
Your spell library was empty.

Dungeon Overview and Level Annotations

Branches:
Dungeon (1/1)

Altars:


Innate Abilities, Weirdness & Mutations

You cannot be hasted, slowed, berserked, paralysed or teleported.
You can dig through walls and to a lower floor.
You have a pair of large antennae on your head. (SInv)
Your four strong arms can wield two-handed weapons with a shield.


Message History

You have reached level 2!
You have reached level 3!
Your experience leads to an increase in your attributes!
Increase (S)trength, (I)ntelligence, or (D)exterity?
You feel stronger.
Unknown command.
Things that are here:
a +0 club; a +2 chain mail of fire resistance Drop what? 5/52 slots (_ for help) (? for menu, Esc to quit)
You start removing your armour.
You continue taking off your +0 scale mail. x4
You finish taking off your +0 scale mail.
You drop a +0 scale mail.
b - a +2 chain mail of fire resistance You start putting on your armour.
You continue putting on your +2 chain mail of fire resistance. x4
You finish putting on your +2 chain mail of fire resistance.
You feel resistant to fire.
Unknown command.
As you open the door, it creaks loudly!
An ogre comes into view. It is wielding a +0 giant club.
The ogre shouts!
You feel better.
You hit the ogre.
The ogre is lightly wounded.
You block the ogre's attack. The ogre hits you but does no damage.
You barely miss the ogre.
The ogre is lightly wounded.
The ogre hits you with a +0 giant club!
Ouch! That really hurt!
You barely miss the ogre.
The ogre is lightly wounded.
You block the ogre's attack.
You completely miss the ogre.
The ogre is lightly wounded.
You block the ogre's attack.
You hit the ogre.
The ogre is moderately wounded.
The ogre hits you with a +0 giant club!
You die...

##########
#<.#.@O..#
{
#..'[.#..+
#..#### +#
#..# #..#
#..# #⌠⌠#
{ ####


You could see an ogre.

Vanquished Creatures
  Ijyb (D)
1 creature vanquished.

Notes
Turn   | Place    | Note
-------+----------+-------------------------------------------
     0 | D        | mhtbhm the Formicid Fighter began the quest for the Orb.
     0 | D        | Reached XP level 1. HP: 18/18 MP: 1/1
     2 | D        | Noticed Ijyb
    15 | D        | Killed Ijyb
    16 | D        | Reached skill level 5 in Shields
    16 | D        | Reached XP level 2. HP: 20/26 MP: 2/2
    16 | D        | Reached XP level 3. HP: 24/31 MP: 3/3
    30 | D        | Noticed an ogre
    36 | D        | Slain by an ogre

Illustrated notes

Levels and vault maps discovered:
D:        dungeon_sprint_1 [red_sonja_temple_1, red_sonja_temple_small_1]

Skill      XL: |  1 |
---------------+----+-----
Fighting       | 4 |  4.5
Long Blades    | 3 |  3.2
Armour         | 4 |  4.7
Shields        | 5 |  5.0

Action                   || total
-------------------------++-------
Melee: Long sword        ||    15
  Use: Potion            ||     3
Armor: Scale mail        ||     1
       Chain mail        ||     1
Dodge: Dodged            ||     1
Block: Kite shield       ||    10

Table legend: (Time is in decaauts)
 A = Elapsed time spent in this place.
 B = Non-inter-level travel time spent in this place.
 C = Inter-level travel time spent in this place.
 D = Time resting spent in this place.
 E = Time spent auto-exploring this place.
 F = Levels seen in this place.
 G = Mean time per level.
                   A        B        C        D        E       F      G
               +--------+--------+--------+--------+--------+-----+--------+
         Total |     42 |     42 |      0 |      0 |      0 |   1 |   42.0 |
       Dungeon |     42 |     42 |      0 |      0 |      0 |   1 |   42.0 |
               +--------+--------+--------+--------+--------+-----+--------+

Top non-repeatable levels by time:
       D: 42 daAuts
